 Dungeon Crawl Stone Soup version 0.30-a0-859-gf88a04b62d (webtiles) character file.

Game seed: 1600414769328126345

53 Demosthentine the Ducker (level 3, -2/28 HPs)
             Began as a Demonspawn Gladiator on Mar 7, 2023.
             Slain by Crazy Yiuf
             ... wielding a +3 quarterstaff of chaos
              (12 damage)
             ... on level 2 of the Dungeon.
             The game lasted 00:01:45 (1588 turns).

Demosthentine the Ducker (Demonspawn Gladiator)     Turns: 1588, Time: 00:01:45

Health: -2/28      AC:  5    Str: 16    XL:     3   Next: 62%
Magic:  3/3        EV: 12    Int:  9    God:
Gold:   148        SH:  0    Dex: 14    Spells: 2/2 levels left

rFire   . . .      SeeInvis .    a - +0 trident
rCold   . . .      Faith    .    (no shield)
rNeg    . . .      Spirit   .    b - +0 leather armour
rPois   .          Reflect  .    (helmet restricted)
rElec   .          Rampage  .    o - +1 cloak
rCorr   .                        (no gloves)
Will    .....                    (no boots)
Stlth   +                        (no amulet)
HPRegen 0.24/turn                (no ring)
MPRegen 0.08/turn                (no ring)

@: confused
A: hooves 1, horns 1
a: no special abilities


You were on level 2 of the Dungeon.
You visited 1 branch of the dungeon, and saw 2 of its levels.

You collected 148 gold pieces.

Inventory:

Hand Weapons
 a - a +0 trident (weapon)
Missiles
 e - a javelin (quivered)
Armour
 b - a +0 leather armour (worn)
 o - a +1 cloak (worn)
Scrolls
 k - a scroll of silence {unknown}
 l - 2 scrolls of amnesia {unknown}
Potions
 c - 2 potions of curing {unknown}
 f - a potion of attraction {unknown}
 g - a potion of magic {unknown}
 h - 2 potions of resistance {unknown}
 i - a potion of invisibility {unknown}
 j - 2 potions of brilliance {unknown}
 m - a potion of heal wounds {unknown}
 n - a potion of mutation {unknown}


   Skills:
 + Level 2.6 Fighting
 + Level 3.1 Polearms
 - Level 1.7 Throwing
 + Level 1.2 Armour
 + Level 3.1 Dodging


You had 2 spell levels left.
You didn't know any spells.
Your spell library contained the following spells:

 Spells                   Type           Power      Damage    Failure   Level
 Freeze                   Ice            0%         1d3       45%         1
 Frozen Ramparts          Ice            0%         1d1       83%         3
 Hailstorm                Conj/Ice       0%         3d3       83%         3
 Ozocubu's Armour         Ice            0%         N/A       83%         3
 Ozocubu's Refrigeration  Ice            0%         4d7       100%        7


Dungeon Overview and Level Annotations

Branches:
Dungeon (2/15)

Altars:
Kikubaaqudgha

Annotations:
D:2 Crazy Yiuf


Innate Abilities, Weirdness & Mutations

You have large cloven feet.
You have a pair of small horns on your head.


Message History

The throwing net barely misses Crazy Yiuf.
Crazy Yiuf whimpers, "East!"
Throw: 2 throwing nets
Press: ? - help, Q - select action, (/) - cycle Shift-Dir - straight line, f/p - Crazy Yiuf
Aim: Crazy Yiuf, wielding a +3 quarterstaff of chaos and wearing a +2 cloak (63% to hit)
You throw a throwing net.
The throwing net barely misses Crazy Yiuf.
Crazy Yiuf hits you with a +3 quarterstaff of chaos!
Crazy Yiuf burns you.
Throw: throwing net
Press: ? - help, Q - select action, (/) - cycle Shift-Dir - straight line, f/p - Crazy Yiuf
Aim: Crazy Yiuf, wielding a +3 quarterstaff of chaos and wearing a +2 cloak (63% to hit)
You throw a throwing net. The throwing net hits Crazy Yiuf.
Crazy Yiuf is caught in the net!
Crazy Yiuf struggles against the net.
You hit Crazy Yiuf. You kick Crazy Yiuf, but do no damage.
Crazy Yiuf is lightly wounded.
Crazy Yiuf struggles against the net.
You hit Crazy Yiuf but do no damage.
Crazy Yiuf is lightly wounded.
Crazy Yiuf cries, "You leg down broken song, no?"
Crazy Yiuf struggles against the net.
You hit Crazy Yiuf. You kick Crazy Yiuf, but do no damage.
You headbutt Crazy Yiuf.
Crazy Yiuf is heavily wounded.
Crazy Yiuf whimpers, "Dawk!"
Crazy Yiuf struggles against the net. x2
You puncture Crazy Yiuf!
Crazy Yiuf is almost dead.
Crazy Yiuf struggles against the net.
The net rips apart, and Crazy Yiuf comes free!
You hit Crazy Yiuf but do no damage. You kick Crazy Yiuf, but do no damage.
Crazy Yiuf is almost dead.
Crazy Yiuf hits you with a +3 quarterstaff of chaos!
You are confused.
You closely miss Crazy Yiuf.
Crazy Yiuf is almost dead.
Crazy Yiuf whimpers, "Tonal green unthinkable!"
Crazy Yiuf hits you with a +3 quarterstaff of chaos!
You die...

#....# #.##
##..## #.#
♣....♣ #.#
♣♣...♣ #.#
♣♣.♣♣ #.#
♣♣.♣ #.#####
♣.♣♣ #.....#
♣♣.♣ #####.#
# ♣@♣♣ #.# #
#g# #.# #
... #.# #
#...# #.# #
#)(.#
######.#####
#####
#...........
######^#####
#...#####
#........


You could see Crazy Yiuf.

Vanquished Creatures
  An adder (D:2)
  2 worms (D:2)
  8 bats
  3 endoplasms
  4 giant cockroaches
  4 goblins (D:1)
  A hobgoblin (D:2)
  A kobold (D:2)
  6 ball pythons
  4 frilled lizards
  3 rats
37 creatures vanquished.

Notes
Turn   | Place    | Note
-------+----------+-------------------------------------------
     0 | D:1      | Demosthentine the Demonspawn Gladiator began the quest for
                  | the Orb.
     0 | D:1      | Reached XP level 1. HP: 16/16 MP: 1/1
   250 | D:1      | Discovered your monstrous ancestry.
   250 | D:1      | Gained mutation: You have a pair of small horns on your
                  | head. [demonic ancestry]
   250 | D:1      | Reached XP level 2. HP: 22/22 MP: 2/2
   877 | D:2      | Found an ancient bone altar of Kikubaaqudgha.
  1042 | D:2      | Reached skill level 1 in Armour
  1042 | D:2      | Gained mutation: You have large cloven feet. [demonic
                  | ancestry]
  1042 | D:2      | Reached XP level 3. HP: 23/28 MP: 3/3
  1575 | D:2      | Found a runed translucent door.
  1576 | D:2      | Noticed Crazy Yiuf
  1588 | D:2      | Slain by Crazy Yiuf

Illustrated notes

Levels and vault maps discovered:
D:1:      giann_forest_graveyard, layout_loops_corners
D:2:      layout_loops_ring, basic_altar, hangedman_abyss_or_decor_lesser_grid,
          uniq_crazy_yiuf_cottage

Skill      XL: |  1  2 |
---------------+-------+-----
Polearms       | 3 |  3.1
Dodging        | 3 |  3.1
Armour         | 1 |  1.2
Fighting       | |  2.6
Throwing       | |  1.7

Action                     || total
---------------------------++-------
  Melee: Trident           ||   112
         Headbutt          ||     8
         Kick              ||    13
         Punch             ||     1
  Throw: Throwing net      ||     3
   Stab: Sleeping          ||     1
 Armour: Leather armour    ||    25
  Dodge: Dodged            ||    41

Table legend: (Time is in decaauts)
 A = Elapsed time spent in this place.
 B = Non-inter-level travel time spent in this place.
 C = Inter-level travel time spent in this place.
 D = Time resting spent in this place.
 E = Time spent auto-exploring this place.
 F = Levels seen in this place.
 G = Mean time per level.
                   A        B        C        D        E       F      G
               +--------+--------+--------+--------+--------+-----+--------+
         Total |   1604 |   1557 |     47 |      0 |   1302 |   2 |  802.0 |
       Dungeon |   1604 |   1557 |     47 |      0 |   1302 |   2 |  802.0 |
               +--------+--------+--------+--------+--------+-----+--------+

Top non-repeatable levels by time:
     D:1: 863 daAuts
     D:2: 741 daAuts
